ITL
BIRMINGHAM BARONS @ TUSCALOOSA TROUT SLAYERS
04/24/2027
 
TOP OF THE 1ST
Birmingham Barons batting - Pitching for Tuscaloosa Trout Slayers : LHP José Acevedo
Pitching: LHP José Acevedo
Batting: RHB Warren Martin 0-0: Foul Ball, location: 2F
0-1: Ball
1-1: Foul Ball, location: 2F
1-2: SINGLE (Line Drive, 4MD)
Batting: SHB Theron Harper 0-0: Ball
1-0: Ball
2-0: Ball
3-0: Called Strike
3-1: Ground out 4-3 (Groundball, 34)
Warren Martin to second
Batting: RHB Yujiro Kurihara 0-0: Ball
1-0: SINGLE (Line Drive, 78S)
Warren Martin to third
Runner from 3rd tries for Home, SAFE, no throw
Batting: SHB Andrew Curran 0-0: Ball
1-0: Foul Ball, location: 2F
1-1: SINGLE (Line Drive, 3D)
Yujiro Kurihara to second
Batting: RHB Juan Jiménez 0-0: Ball
1-0: Ball
2-0: 3-RUN HOME RUN (Flyball, 78XD), Distance : 390 ft
Batting: RHB Dave Dawson 0-0: Swinging Strike
0-1: Ball
1-1: Foul Ball, location: 2F
1-2: Strikes out swinging
Batting: LHB Marc May 0-0: Swinging Strike
0-1: Fly out, F9 (Flyball, 9S)
Top of the 1st over - 4 run(s), 4 hit(s), 0 error(s), 0 left on base; Birmingham 4 - Tuscaloosa 0
BOTTOM OF THE 1ST
Tuscaloosa Trout Slayers batting - Pitching for Birmingham Barons : LHP Marcos Bautista
Pitching: LHP Marcos Bautista
Batting: RHB Lawrence Yates 0-0: Ball
1-0: Ball
2-0: Foul Ball, location: 2F
2-1: Foul Ball, location: 2F
2-2: Ball
3-2: Ground out 6-3 (Groundball, 6)
Batting: RHB Satoru Daikawa 0-0: Called Strike
0-1: Ball
1-1: Swinging Strike
1-2: DOUBLE (Flyball, 89XD)
Batting: LHB Wilford Lush 0-0: SINGLE (Groundball, 3) (infield hit)
Satoru Daikawa to third
Batting: LHB António Cedeño 0-0: Called Strike
Wilford Lush steals 2nd base
0-1: Swinging Strike
0-2: 3-RUN HOME RUN (Flyball, 9D), Distance : 386 ft
Batting: RHB Pat Fullerton 0-0: Foul Ball, location: 2F
0-1: Foul Ball, location: 2F
0-2: SINGLE (Line Drive, 78S)
Batting: LHB Ed Hart 0-0: Ball
1-0: Ball
2-0: Swinging Strike
Pickoff Throw by Catcher to First - Error! E2
Pat Fullerton to second
2-1: Ball
3-1: Foul Ball, location: 2F
3-2: SINGLE (Line Drive, 8LS)
Pat Fullerton to third
Runner from 3rd tries for Home, SAFE, throw made home
Batting: RHB Shigemasa Ishida 0-0: Swinging Strike
0-1: Ball
1-1: Ball
2-1: Foul Ball, location: 2F
2-2: Ball
3-2: Foul Ball, location: 2F
3-2: Fly out, F3 (Popup, 3S)
Batting: LHB Marcos Villarreal 0-0: Swinging Strike
0-1: Ball
1-1: Foul Ball, location: 2F
1-2: Ball
2-2: Ball
3-2: Foul Ball, location: 2F
3-2: DOUBLE (Flyball, 7D)
Ed Hart to third
Ed Hart scores
Batting: RHB José Ortega 0-0: SINGLE (Flyball, 8RS)
Marcos Villarreal to third
Runner from 3rd tries for Home, SAFE, no throw
Batting: RHB Lawrence Yates 0-0: Ball
1-0: Fly out, F9 (Flyball, 9LD)
Bottom of the 1st over - 6 run(s), 7 hit(s), 1 error(s), 1 left on base; Birmingham 4 - Tuscaloosa 6
TOP OF THE 2ND
Birmingham Barons batting - Pitching for Tuscaloosa Trout Slayers : LHP José Acevedo
Batting: RHB Peyton Yardley 0-0: Called Strike
0-1: Ball
1-1: SOLO HOME RUN (Flyball, 78XD), Distance : 379 ft
Batting: RHB David Raymos 0-0: Ball
1-0: Ground out 6-3 (Groundball, 6)
Batting: RHB Warren Martin 0-0: Ball
1-0: Foul Ball, location: 2F
1-1: Fly out, F9 (Flyball, 9S)
Batting: SHB Theron Harper 0-0: Ball
1-0: Swinging Strike
1-1: Ball
2-1: Ball
3-1: Foul Ball, location: 2F
3-2: Ground out 4-3 (Groundball, 4)
Top of the 2nd over - 1 run(s), 1 hit(s), 0 error(s), 0 left on base; Birmingham 5 - Tuscaloosa 6
BOTTOM OF THE 2ND
Tuscaloosa Trout Slayers batting - Pitching for Birmingham Barons : LHP Marcos Bautista
Batting: RHB Satoru Daikawa 0-0: Ball
1-0: Called Strike
1-1: Fly out, F9 (Flyball, 9LM)
Batting: LHB Wilford Lush 0-0: Ball
1-0: Called Strike
1-1: Ball
2-1: Foul Ball, location: 2F
2-2: Foul Ball, location: 2F
2-2: Ball
3-2: Strikes out swinging
Batting: LHB António Cedeño 0-0: Ball
1-0: Ground out 4-3 (Groundball, 4)
Bottom of the 2nd over - 0 run(s), 0 hit(s), 0 error(s), 0 left on base; Birmingham 5 - Tuscaloosa 6
TOP OF THE 3RD
Birmingham Barons batting - Pitching for Tuscaloosa Trout Slayers : LHP José Acevedo
Batting: RHB Yujiro Kurihara 0-0: SINGLE (Groundball, 4MD)
Batting: SHB Andrew Curran 0-0: Ball
1-0: Foul Ball, location: 2F
1-1: Ball
2-1: Swinging Strike
2-2: 2-RUN HOME RUN (Flyball, 78XD), Distance : 377 ft
Pitching: LHP Claude Pinard
Batting: RHB Juan Jiménez 0-0: Called Strike
0-1: Foul Ball, location: 2F
0-2: Ball
1-2: SINGLE (Groundball, 6MD)
Batting: RHB Dave Dawson 0-0: Fly out, F4 (Popup, 4D)
Batting: LHB Marc May 0-0: Swinging Strike
0-1: Ball
1-1: Ball
2-1: SINGLE (Groundball, 4D)
Juan Jiménez to second
Runner from 2nd tries for 3rd, SAFE, throw made to third
Batting: RHB Peyton Yardley 0-0: Foul Ball, location: 2F
0-1: Foul Ball, location: 2F
0-2: Ball
1-2: Ball
2-2: Ball
3-2: Fly out, F8 (Flyball, 8RD)
Runner from 3rd tags up, SCORES, no throw
Batting: RHB David Raymos 0-0: Ball
1-0: Foul Ball, location: 2F
1-1: Ball
2-1: Called Strike
2-2: DOUBLE (Flyball, 78M)
Marc May to third
Batting: RHB Warren Martin 0-0: Ball
1-0: SINGLE (Groundball, 4D)
Marc May scores
David Raymos to third
Runner from 3rd tries for Home, SAFE, no throw
Pitching: RHP Marlon Ryan
Batting: SHB Theron Harper 0-0: Ball
Warren Martin is caught stealing 2nd base
Top of the 3rd over - 5 run(s), 6 hit(s), 0 error(s), 0 left on base; Birmingham 10 - Tuscaloosa 6
BOTTOM OF THE 3RD
Tuscaloosa Trout Slayers batting - Pitching for Birmingham Barons : LHP Marcos Bautista
Pitching: RHP Jim Baker
Batting: RHB Pat Fullerton 0-0: Ball
1-0: Ball
2-0: Swinging Strike
2-1: SOLO HOME RUN (Flyball, 7D), Distance : 357 ft
Batting: LHB Ed Hart 0-0: Called Strike
0-1: Ball
1-1: Called Strike
1-2: SINGLE (Groundball, 34D)
Batting: RHB Shigemasa Ishida 0-0: Ball
1-0: Ball
2-0: Fielders Choice at 2nd, 6-4 (Groundball, 6)
Batting: LHB Marcos Villarreal 0-0: Ball
1-0: Ball
2-0: Ball
3-0: Called Strike
3-1: Base on Balls
Shigemasa Ishida to second
Batting: RHB José Ortega 0-0: Ball
1-0: Grounds into double play, 6-4-3 (Groundball, 6)
Bottom of the 3rd over - 1 run(s), 2 hit(s), 0 error(s), 1 left on base; Birmingham 10 - Tuscaloosa 7
TOP OF THE 4TH
Birmingham Barons batting - Pitching for Tuscaloosa Trout Slayers : RHP Marlon Ryan
Batting: SHB Theron Harper 0-0: Ball
1-0: Ground out 4-3 (Groundball, 34D)
Batting: RHB Yujiro Kurihara 0-0: Called Strike
0-1: SINGLE (Groundball, 56D)
Batting: SHB Andrew Curran 0-0: Ball
1-0: Fly out, F9 (Flyball, 9)
Batting: RHB Juan Jiménez 0-0: Foul Ball, location: 2F
0-1: Fly out, F5 (Popup, 5L)
Top of the 4th over - 0 run(s), 1 hit(s), 0 error(s), 1 left on base; Birmingham 10 - Tuscaloosa 7
BOTTOM OF THE 4TH
Tuscaloosa Trout Slayers batting - Pitching for Birmingham Barons : RHP Jim Baker
Batting: RHB Lawrence Yates 0-0: Ball
1-0: Called Strike
1-1: Fly out, F9 (Flyball, 9S)
Batting: RHB Satoru Daikawa 0-0: Ball
1-0: Swinging Strike
1-1: Called Strike
1-2: Strikes out looking
Batting: LHB Wilford Lush 0-0: Ball
1-0: Swinging Strike
1-1: Called Strike
1-2: Strikes out swinging
Bottom of the 4th over - 0 run(s), 0 hit(s), 0 error(s), 0 left on base; Birmingham 10 - Tuscaloosa 7
TOP OF THE 5TH
Birmingham Barons batting - Pitching for Tuscaloosa Trout Slayers : RHP Marlon Ryan
Batting: RHB Dave Dawson 0-0: Ground out 5-3 (Groundball, 56S)
Batting: LHB Marc May 0-0: Fly out, F8 (Flyball, 78M)
Batting: RHB Peyton Yardley 0-0: Ball
1-0: Swinging Strike
1-1: Called Strike
1-2: Strikes out looking
Top of the 5th over - 0 run(s), 0 hit(s), 0 error(s), 0 left on base; Birmingham 10 - Tuscaloosa 7
BOTTOM OF THE 5TH
Tuscaloosa Trout Slayers batting - Pitching for Birmingham Barons : RHP Jim Baker
Batting: LHB António Cedeño 0-0: Foul Ball, location: 2F
0-1: Ground out 3-1 (Groundball, 34S)
Batting: RHB Pat Fullerton 0-0: Fly out, F8 (Flyball, 89D)
Batting: LHB Ed Hart 0-0: Ball
1-0: Called Strike
1-1: Foul Ball, location: 2F
1-2: Foul Ball, location: 2F
1-2: SINGLE (Line Drive, 34)
Batting: RHB Shigemasa Ishida 0-0: Ball
1-0: Ball
2-0: Called Strike
2-1: Fly out, F7 (Flyball, 7S)
Bottom of the 5th over - 0 run(s), 1 hit(s), 0 error(s), 1 left on base; Birmingham 10 - Tuscaloosa 7
TOP OF THE 6TH
Birmingham Barons batting - Pitching for Tuscaloosa Trout Slayers : RHP Marlon Ryan
Batting: RHB David Raymos 0-0: Swinging Strike
0-1: Foul Ball, location: 2F
0-2: Ball
1-2: Foul Ball, location: 2F
1-2: Foul Ball, location: 2F
1-2: Fly out, F9 (Flyball, 9LS)
Batting: RHB Warren Martin 0-0: Ball
1-0: Foul Ball, location: 2F
1-1: Fly out, F8 (Line Drive, 8LM)
Batting: SHB Theron Harper 0-0: Called Strike
0-1: SINGLE (Line Drive, 34)
Batting: RHB Yujiro Kurihara 0-0: Called Strike
0-1: Swinging Strike
0-2: Strikes out swinging
Top of the 6th over - 0 run(s), 1 hit(s), 0 error(s), 1 left on base; Birmingham 10 - Tuscaloosa 7
BOTTOM OF THE 6TH
Tuscaloosa Trout Slayers batting - Pitching for Birmingham Barons : RHP Jim Baker
Batting: LHB Marcos Villarreal 0-0: Ball
1-0: Called Strike
1-1: Ball
2-1: Ball
3-1: Base on Balls
Batting: RHB José Ortega 0-0: Ball
1-0: SINGLE (Groundball, 4MD)
Marcos Villarreal to second
Runner from 2nd tries for 3rd, SAFE, throw made to third
José Ortega to second
Batting: RHB Lawrence Yates 0-0: Called Strike
0-1: Ball
1-1: Ball
2-1: Foul Ball, location: 2F
2-2: Ball
3-2: Base on Balls
Pitching: LHP Richard Simpson
Batting: RHB Satoru Daikawa 0-0: Foul Ball, location: 2F
0-1: Foul Ball, location: 2F
0-2: Strikes out swinging
Batting: LHB Wilford Lush 0-0: SINGLE (Groundball, 4MD)
Marcos Villarreal scores
José Ortega to third
Lawrence Yates to second
Batting: LHB António Cedeño 0-0: Ball
1-0: Ball
2-0: Called Strike
2-1: Foul Ball, location: 2F
2-2: Ball
3-2: Strikes out swinging
Batting: RHB Pat Fullerton 0-0: Called Strike
0-1: Fielders Choice at 2nd, 6-4 (Groundball, 6)
Bottom of the 6th over - 1 run(s), 2 hit(s), 0 error(s), 2 left on base; Birmingham 10 - Tuscaloosa 8
TOP OF THE 7TH
Birmingham Barons batting - Pitching for Tuscaloosa Trout Slayers : RHP Marlon Ryan
Pitching: RHP Jesús Ramos
Batting: SHB Andrew Curran 0-0: Ball
1-0: SINGLE (Line Drive, 9S)
Batting: RHB Juan Jiménez 0-0: Foul Ball, location: 2F
0-1: Ball
1-1: Ball
2-1: Ball
3-1: Foul Ball, location: 2F
3-2: SINGLE (Groundball, 56D)
Andrew Curran to second
Pinch Hitting: LHB Curt Walker 0-0: Called Strike
0-1: Grounds into double play, 4-6-3 (Groundball, 34)
Andrew Curran to third
Batting: LHB Marc May 0-0: Called Strike
0-1: Fly out, F4 (Popup, 34)
Top of the 7th over - 0 run(s), 2 hit(s), 0 error(s), 1 left on base; Birmingham 10 - Tuscaloosa 8
BOTTOM OF THE 7TH
Tuscaloosa Trout Slayers batting - Pitching for Birmingham Barons : LHP Richard Simpson
Now in LF: Pete Smith
Batting: LHB Ed Hart 0-0: Fly out, F4 (Line Drive, 4)
Batting: RHB Shigemasa Ishida 0-0: SOLO HOME RUN (Flyball, 8RXD), Distance : 439 ft
Batting: LHB Marcos Villarreal 0-0: Foul Ball, location: 2F
0-1: Swinging Strike
0-2: Foul Ball, location: 2F
0-2: Foul Ball, location: 2F
0-2: Ball
1-2: Ball
2-2: Foul Ball, location: 2F
2-2: Foul Ball, location: 2F
2-2: Foul Ball, location: 2F
2-2: Fly out, F8 (Flyball, 89D)
Batting: RHB José Ortega 0-0: Called Strike
0-1: Ball
1-1: Ball
2-1: Ball
3-1: Called Strike
3-2: Foul Ball, location: 2F
3-2: Ground out 5-3 (Groundball, 5)
Bottom of the 7th over - 1 run(s), 1 hit(s), 0 error(s), 0 left on base; Birmingham 10 - Tuscaloosa 9
TOP OF THE 8TH
Birmingham Barons batting - Pitching for Tuscaloosa Trout Slayers : RHP Jesús Ramos
Batting: RHB Peyton Yardley 0-0: Ball
1-0: Ball
2-0: Foul Ball, location: 2F
2-1: Ball
3-1: Foul Ball, location: 2F
3-2: Foul Ball, location: 2F
3-2: Foul Ball, location: 2F
3-2: Base on Balls
Batting: RHB David Raymos 0-0: Sac Bunt - play at first, batter OUT! 1-3
Peyton Yardley to second
Batting: RHB Warren Martin 0-0: Swinging Strike
0-1: SINGLE (Groundball, 6MD)
Peyton Yardley to third
Batting: SHB Theron Harper 0-0: Ball
1-0: Called Strike
1-1: Ball
2-1: Called Strike
2-2: Fielders Choice at 2nd, 6-4 (Groundball, 56)
Peyton Yardley scores
Batting: RHB Yujiro Kurihara 0-0: Ball
1-0: TRIPLE (Line Drive, 9LS)
Theron Harper scores
Pitching: RHP Matt McGinnity
Batting: SHB Andrew Curran 0-0: Ball
1-0: Foul Ball, location: 2F
1-1: Ball
2-1: Fly out, F8 (Line Drive, 89D)
Top of the 8th over - 2 run(s), 2 hit(s), 0 error(s), 1 left on base; Birmingham 12 - Tuscaloosa 9
BOTTOM OF THE 8TH
Tuscaloosa Trout Slayers batting - Pitching for Birmingham Barons : LHP Richard Simpson
Now in CF: Dave Roberts
Batting: RHB Lawrence Yates 0-0: Ball
1-0: Foul Ball, location: 2F
1-1: Ball
2-1: Called Strike
2-2: Foul Ball, location: 2F
2-2: Ball
3-2: DOUBLE (Line Drive, 7D)
Pitching: RHP Stanley Briggs
Batting: RHB Satoru Daikawa 0-0: SINGLE (Line Drive, 7S)
Lawrence Yates to third
Pitching: LHP Manuel Soto
Batting: LHB Wilford Lush 0-0: Called Strike
0-1: Ball
1-1: Grounds into double play, 1-6-3 (Groundball, P)
Pitching: RHP Jim Hicks
Batting: LHB António Cedeño 0-0: Foul Ball, location: 2F
0-1: Ball
1-1: 2-RUN HOME RUN (Line Drive, 9D), Distance : 384 ft
Pitching: RHP Michael Young
Batting: RHB Pat Fullerton 0-0: Swinging Strike
0-1: Ball
1-1: Foul Ball, location: 2F
1-2: Foul Ball, location: 2F
1-2: Strikes out swinging
Bottom of the 8th over - 2 run(s), 3 hit(s), 0 error(s), 0 left on base; Birmingham 12 - Tuscaloosa 11
TOP OF THE 9TH
Birmingham Barons batting - Pitching for Tuscaloosa Trout Slayers : RHP Matt McGinnity
Pitching: RHP John Charles
Batting: RHB Juan Jiménez 0-0: Called Strike
0-1: Ball
1-1: Ground out 6-3 (Groundball, 6)
Batting: RHB Pete Smith 0-0: Foul Ball, location: 2F
0-1: Ball
1-1: Fly out, F8 (Flyball, 8RS)
Batting: LHB Marc May 0-0: Ball
1-0: Ball
2-0: Foul Ball, location: 2F
2-1: Foul Ball, location: 2F
2-2: Strikes out looking
Top of the 9th over - 0 run(s), 0 hit(s), 0 error(s), 0 left on base; Birmingham 12 - Tuscaloosa 11
BOTTOM OF THE 9TH
Tuscaloosa Trout Slayers batting - Pitching for Birmingham Barons : RHP Michael Young
Pitching: RHP Guillermo Lozano
Batting: LHB Ed Hart 0-0: Ball
1-0: Foul Ball, location: 2F
1-1: Called Strike
1-2: Foul Ball, location: 2F
1-2: Ball
2-2: Foul Ball, location: 2F
2-2: Ball
3-2: Ground out 4-3 (Groundball, 4)
Pinch Hitting: LHB Miguel Rosa 0-0: Called Strike
0-1: Ball
1-1: Ball
2-1: Fly out, F9 (Flyball, 89M)
Batting: LHB Marcos Villarreal 0-0: DOUBLE (Groundball, 3L)
Pinch Hitting: RHB José Fernández 0-0: Ball
1-0: Called Strike
1-1: Called Strike
1-2: Strikes out looking
Bottom of the 9th over - 0 run(s), 1 hit(s), 0 error(s), 1 left on base; Birmingham 12 - Tuscaloosa 11
Thursday, March 30th, 2017 - OOTP Baseball 17.12 Build 75